 Dungeon Crawl Stone Soup version 0.27.0-1-g7a089689b8 (webtiles) character file.

Game seed: 26729368288313649

420 horus123 the Slasher (level 7, -1/52 HPs)
             Began as a Human Fighter on Aug 16, 2021.
             Slain by a phantom (4 damage)
             ... on level 4 of the Dungeon.
             The game lasted 00:05:56 (3145 turns).

horus123 the Slasher (Human Fighter)                Turns: 3145, Time: 00:05:57

Health: -1/52      AC: 11    Str: 18    XL:     7   Next: 16%
Magic:  7/7        EV:  5    Int: 15    God:
Gold:   80         SH: 11    Dex: 12    Spells: 6/6 levels left

rFire    . . .     SeeInvis .   a - +0 long sword
rCold    + . .     Faith    .   c - +2 kite shield
rNeg     . . .     Spirit   .   l - +1 chain mail {rC+}
rPois    .         Reflect  .   (no helmet)
rElec    .         Harm     .   (no cloak)
rCorr    .         Rampage  .   (no gloves)
Will     .....                  e - +0 pair of boots
Stlth    ..........             (no amulet)
HPRegen  0.17/turn              f - +6 ring of intelligence
MPRegen  0.10/turn              (no ring)

@: no status effects
A: no striking features
a: no special abilities


You were on level 4 of the Dungeon.
You visited 1 branch of the dungeon, and saw 4 of its levels.

You collected 80 gold pieces.

Inventory:

Hand Weapons
 a - a +0 long sword (weapon)
 d - a +0 halberd
Armour
 c - a +2 kite shield (worn)
 e - a +0 pair of boots (worn)
 i - a +0 plate armour
 j - a +0 robe
 l - a +1 chain mail of cold resistance (worn)
Jewellery
 f - a +6 ring of intelligence (left hand)
Wands
 g - a wand of iceblast (5)
Potions
 b - a potion of invisibility {unknown}
 h - a potion of resistance
 k - 2 potions of mutation {unknown}


   Skills:
 + Level 3.5 Fighting
 + Level 4.9 Long Blades
 + Level 4.1 Armour
 + Level 1.2 Dodging
 + Level 0.3 Stealth
 + Level 4.4 Shields
 + Level 0.1 Evocations


You had 6 spell levels left.
You didn't know any spells.
Your spell library contained the following spells:

 Spells                   Type           Power      Damage    Failure   Level
 Sandblast                Erth           0%         2d4       100%        1
 Passwall                 Tmut/Erth      0%         N/A       100%        2
 Frozen Ramparts          Ice            0%         1d2       100%        3
 Ozocubu's Armour         Ice            0%         N/A       100%        3
 Ice Form                 Ice/Tmut       0%         N/A       100%        4
 Summon Ice Beast         Ice/Summ       0%         N/A       100%        4
 Lee's Rapid Deconstruct  Erth           0%         3d5*      100%        5
 Metabolic Englaciation   Hex/Ice        0%         N/A       100%        5
 Simulacrum               Ice/Necr       0%         N/A       100%        6


Dungeon Overview and Level Annotations

Branches:
Dungeon (4/15)
 Temple: D:4-7

Altars:


Message History

Your shield and chain mail prevent you from hitting the hound.
The hound is heavily wounded.
You block the hound's attack. x2
You hit the hound but do no damage.
The hound is heavily wounded.
You block the hound's attack. The hound bites you.
* * * LOW HITPOINT WARNING * * *
You closely miss the hound.
The hound is heavily wounded.
You block the hound's attack. The hound bites you but does no damage.
You slash the hound!
You kill the hound!
You barely miss the phantom.
The phantom is heavily damaged.
You block the phantom's attack.
The phantom hits you but does no damage.
You barely miss the phantom.
The phantom is heavily damaged.
The phantom hits you but does no damage.
You slash the phantom!
The phantom is almost destroyed.
The phantom hits you but does no damage.
You closely miss the phantom.
The phantom is almost destroyed.
The phantom hits you.
* * * LOW HITPOINT WARNING * * *
You hit the phantom.
The phantom is almost destroyed.
The phantom hits you.
* * * LOW HITPOINT WARNING * * *
You block the phantom's attack.
Your shield and chain mail prevent you from hitting the phantom.
The phantom is almost destroyed.
The phantom hits you.
* * * LOW HITPOINT WARNING * * *
The phantom blinks!
You blink.
You miss the phantom.
The phantom is almost destroyed.
You block the phantom's attack. The phantom hits you.
You die...

## #.. #. # .. .#
.#.###.# ######
#####.#.....# #.....
#...W.##...####.####
#..@.|#.....##...##
.......[..............[.
####......#.....##...###
#.$....##...##.......
#.########ยง###....## #.
#.# #.#.## # #.#
#.#.#### #.# #.#.#...
#.. ..#.##


You could see a phantom.

Vanquished Creatures
  An orc warrior (D:4)
  An ice beast (D:3)
  A hound (D:4)
  An orc priest (D:4)
  3 gnolls (D:2)
  5 adders
  2 worms
  A dart slug (D:1)
  4 orcs
  6 ball pythons
  5 endoplasms
  7 giant cockroaches
  5 goblins
  7 hobgoblins
  2 jackals (D:4)
  6 quokkas
  8 bats
  4 frilled lizards
  6 kobolds
  6 rats
81 creatures vanquished.

Notes
Turn   | Place    | Note
-------+----------+-------------------------------------------
     0 | D:1      | horus123 the Human Fighter began the quest for the Orb.
     0 | D:1      | Reached XP level 1. HP: 18/18 MP: 1/1
   276 | D:1      | Reached XP level 2. HP: 17/24 MP: 2/2
   615 | D:1      | Reached XP level 3. HP: 29/29 MP: 3/3
   652 | D:1      | Found a faded altar of an unknown god.
  1197 | D:2      | Reached XP level 4. HP: 23/35 MP: 4/4
  1581 | D:2      | Reached XP level 5. HP: 36/41 MP: 5/5
  2083 | D:3      | Noticed an ice beast
  2102 | D:3      | Killed an ice beast
  2103 | D:3      | Reached XP level 6. HP: 32/47 MP: 6/6
  2506 | D:3      | Reached skill level 1 in Dodging
  2709 | D:4      | Noticed an orc warrior
  2744 | D:4      | Killed an orc warrior
  2745 | D:4      | Reached XP level 7. HP: 10/52 MP: 7/7
  3145 | D:4      | Slain by a phantom

Illustrated notes

Levels and vault maps discovered:
D:1:      lightli_arrival_lavapool, layout_loops_ring,
          ebering_ecumenical_altar_hall
D:2:      layout_basic
D:3:      layout_rooms, kennysheep_generic_room_13
D:4:      layout_loops_ring, mainiacjoe_overflow_swirl

Skill      XL: |  1  2  3  4  5  6 |
---------------+-------------------+-----
Long Blades    | 3 4 |  4.9
Shields        | 4 |  4.4
Dodging        | 1 |  1.2
Armour         | 4 |  4.1
Fighting       | |  3.5
Stealth        | |  0.3
Evocations     | |  0.1

Action                   |  1- 3 |  4- 6 |  7- 9 || total
-------------------------+-------+-------+-------++-------
Melee: Long sword        |    80 |   178 |    63 ||   321
Evoke: Wand              |       |     3 |       ||     3
  Use: Potion            |     1 |     1 |       ||     2
       Scroll            |       |     4 |       ||     4
Armor: Scale mail        |    29 |    65 |       ||    94
       Chain mail        |       |    33 |    35 ||    68
Dodge: Dodged            |    18 |    58 |    10 ||    86
Block: Kite shield       |    36 |   125 |    50 ||   211
       Rpst.: Long sword |     4 |    17 |     4 ||    25
